 Dungeon Crawl Stone Soup version 0.31-a0-1581-g41d5ff3e7b (webtiles) character file.

Game seed: 14477799668642415010

2280738 James the Skullcrusher (level 27, 273/273 HPs)
             Began as a Minotaur Fighter on Jan 4, 2024.
             Was the Champion of Makhleb.
             Escaped with the Orb
             ... and 4 runes on Jan 5, 2024!
             The game lasted 05:26:53 (74011 turns).

James the Skullcrusher (Minotaur Fighter)          Turns: 74011, Time: 05:26:53

Health: 273/273    AC: 44    Str: 34    XL:     27
Magic:  46/46      EV: 31    Int:  4    God:    Makhleb [******]
Gold:   7543       SH: 29    Dex: 23    Spells: 26/26 levels left

rFire   + + +        b - +9 eveningstar (spect)
rCold   + + .        G - +2 tower shield
rNeg    + . .        i - +7 gold dragon scales
rPois   +            D - +2 hat
rElec   +            p - +1 cloak of Starlight {*Dazzle EV+4 Stlth--}
rCorr   +            j - +1 pair of gloves "Otiosedu" {MP+9 Dex+3 SInv}
SInv    +            n - +1 pair of boots of the Old and Reckless {Harm Rampage rF++ Int-3}
Will    +++..        I - amulet "Hiweon" {Spirit Fly rC+ rCorr Str+3} Stlth
                     O - ring of the Gloaming {rElec EV+5 Str+3 Int+3 Stlth-}
HPRegen 0.65/turn    R - ring "Biweph" {rN+ Will+ Slay+2}
MPRegen 0.30/turn

%: harm (+30% outgoing, +20% incoming), guardian spirit, rampage
@: flying, studying 2 skills
A: horns 2, retaliatory headbutt, agile 1, inability to read after injury 1
0: Orb of Zot
}: 4/15 runes: barnacled, silver, abyssal, gossamer
a: Renounce Religion, Minor Destruction, Lesser Servant of Makhleb, Major
Destruction, Greater Servant of Makhleb


You escaped.
You worshipped Makhleb.
Makhleb was exalted by your worship.
You visited 11 branches of the dungeon, and saw 51 of its levels.
You visited the Abyss 2 times.
You also visited: Trove, Ossuary, Gauntlet, Ice Cave, Volcano and Wizlab.

You collected 10955 gold pieces.
You spent 3412 gold pieces at shops.

Inventory:

Hand Weapons
 a - a +9 eveningstar of flaming
   (You acquired it on level 10 of the Dungeon)
 b - a +9 spectral eveningstar (weapon)
   (You subdued it on level 2 of the Elven Halls)
 c - a +5 eveningstar of venom
   (You found it in a treasure trove)
 P - the +4 sling "Murmur" {speed, Fly Str+2 Int-4 Dex+2}
   (You found it on level 3 of the Vaults)

   Str+2:     It affects your strength (+2).
   Int-4:     It affects your intelligence (-4).
   Dex+2:     It affects your dexterity (+2).
   Fly:       It grants you flight.
Missiles
 t - 9 curare-tipped darts {!f}
 y - 11 atropa-tipped darts
 H - 9 javelins
 S - 8 throwing nets {!f}
 X - 30 boomerangs
Armour
 i - +7 gold dragon scales (worn)
   (You found it on level 1 of the Vaults)
 j - the +1 pair of gloves "Otiosedu" (worn) {MP+9 Dex+3 SInv}
   (You found it in a Gauntlet)

   Dex+3:     It affects your dexterity (+3).
   MP+9:      It affects your magic capacity (+9).
   SInv:      It lets you see invisible.
 n - the +1 pair of boots of the Old and Reckless (worn) {Harm Rampage rF++ Int-3}
   (You found it in a Gauntlet)

   Int-3:     It affects your intelligence (-3).
   rF++:      It greatly protects you from fire.
   Harm:      It increases damage dealt and taken.
   Rampage:   It bestows one free step when moving towards enemies.
 p - the +1 cloak of Starlight (worn) {*Dazzle EV+4 Stlth--}
   (You found it in a Gauntlet)

   *Dazzle:   It may blind those who miss an attack against the wearer in melee
   combat.
   EV+4:      It affects your evasion (+4).
   Stlth--:   It makes you much less stealthy.
 B - a +1 cloak of willpower
   (You took it off a draconian stormcaller on level 4 of the Realm of Zot)
 D - a +2 hat (worn)
   (You found it on level 11 of the Dungeon)
 G - a +2 tower shield (worn)
   (You took it off a vault warden on level 5 of the Vaults)
 Q - a +0 pair of gloves of dexterity
   (You found it on level 4 of the Vaults)
Jewellery
 h - the ring of the Hare {EV+10}
   (You took it off a vault guard on level 5 of the Vaults)

   [ring of evasion]

   EV+10:     It affects your evasion (+10).
 l - the macabre finger necklace {Finger+ rN+}
   (You found it on level 4 of the Shoals)

   [amulet of nothing]

   Finger+:   It enables you to equip an extra ring.
   rN+:       It protects you from negative energy.
 m - the ring of the Countless Realms {rPois rN+ Int+3 SInv}
   (You took it off an ancient champion on level 3 of the Crypt)

   [ring of positive energy]

   Int+3:     It affects your intelligence (+3).
   rPois:     It protects you from poison rN+: It protects you from negative
   energy.
   SInv:      It lets you see invisible.
 r - a +6 ring of intelligence
   (You found it on level 15 of the Dungeon)
 I - the amulet "Hiweon" (around neck) {Spirit Fly rC+ rCorr Str+3}
   (You took it off a deep elf blademaster on level 3 of the Elven Halls)

   [amulet of guardian spirit]

   Spirit:    It causes incoming damage to be divided between your reserves of
   health and magic.
   Str+3:     It affects your strength (+3).
   rC+:       It protects you from cold.
   Fly:       It grants you flight.
   rCorr:     It protects you from acid and corrosion.
 N - the ring of Yrabboi {Ice +Blink Fly Int+4 Dex-2}
   (You bought it in a shop on level 2 of the Orcish Mines)

   [ring of ice]

   Ice:       It enhances your ice magic.
   Int+4:     It affects your intelligence (+4).
   Dex-2:     It affects your dexterity (-2).
   rF-:       It makes you vulnerable to fire.
   rC+:       It protects you from cold.
   Fly:       It grants you flight.
   +Blink:    It lets you blink.
 O - the ring of the Gloaming (left hand) {rElec EV+5 Str+3 Int+3 Stlth-}
   (You bought it in a shop on level 3 of the Elven Halls)

   [ring of evasion]

   EV+5:      It affects your evasion (+5).
   Str+3:     It affects your strength (+3).
   Int+3:     It affects your intelligence (+3).
   rElec:     It insulates you from electricity.
   Stlth-:    It makes you less stealthy.
 R - the ring "Biweph" (right hand) {rN+ Will+ Slay+2}
   (You took it off a skeletal warrior on level 3 of the Crypt)

   [ring of positive energy]

   Slay+2:    It affects your accuracy & damage with ranged weapons and melee
   (+2).
   rN+:       It protects you from negative energy.
   Will+:     It increases your willpower.
Wands
 d - a wand of iceblast (58) (quivered)
   (You found it in a treasure trove)
 u - a wand of paralysis (44)
   (You found it on level 8 of the Dungeon)
 v - a wand of digging (25)
   (You found it on level 5 of the Lair of Beasts)
 x - a wand of acid (56)
   (You found it on level 10 of the Dungeon)
 F - a wand of polymorph (20)
   (You found it on level 4 of the Dungeon)
Scrolls
 e - 2 scrolls of silence
 f - 3 scrolls of summoning
 q - 2 scrolls of fear
 z - 5 scrolls of revelation
 M - 11 scrolls of blinking
 V - 11 scrolls of fog
 W - 11 scrolls of immolation {!r}
 Y - 24 scrolls of teleportation {@r4}
Potions
 g - 6 potions of invisibility
 k - a potion of mutation {!q}
 o - 2 potions of brilliance
 s - 8 potions of haste {@q3}
 w - 13 potions of heal wounds {@q2}
 A - 5 potions of resistance
 C - 4 potions of cancellation
 E - 10 potions of magic
 J - 4 potions of ambrosia
 K - 10 potions of might
 T - 6 potions of berserk rage
 U - 4 potions of enlightenment
 Z - 29 potions of curing {@q1}
Miscellaneous
 L - the horn of Geryon
   (You took it off Geryon in the Vestibule of Hell)


   Skills:
 O Level 27 Fighting
 O Level 27 Maces & Flails
 + Level 25.8 Armour
 + Level 20.6 Dodging
 + Level 26.6 Shields
 + Level 23.9 Invocations


You had 26 spell levels left.
You didn't know any spells.
Your spell library contained the following spells:

 Spells                   Type           Power      Damage    Failure   Level
 Foxfire                  Conj/Fire      0%         2x1d4     95%         1
 Freeze                   Ice            0%         1d3       95%         1
 Necrotise                Necr           0%         1d4       95%         1
 Slow                     Hex            0%         N/A       95%         1
 Sting                    Conj/Alch      0%         1d3       95%         1
 Summon Small Mammal      Summ           0%         N/A       95%         1
 Blink                    Tloc           0%         N/A       99%         2
 Call Imp                 Summ           0%         N/A       99%         2
 Cigotuvi's Dreadful Rot  Necr/Alch/Air  0%         N/A       99%         2
 Ensorcelled Hibernation  Hex/Ice        0%         N/A       99%         2
 Lesser Beckoning         Tloc           0%         N/A       99%         2
 Mercury Vapours          Alch/Air       0%         N/A       99%         2
 Momentum Strike          Conj/Tloc      0%         3d8       99%         2
 Scorch                   Fire           0%         2d5       99%         2
 Static Discharge         Conj/Air       0%         3-3/arc   99%         2
 Sublimation of Blood     Necr           0%         N/A       99%         2
 Call Canine Familiar     Summ           0%         N/A       100%        3
 Confusing Touch          Hex            0%         N/A       100%        3
 Dazzling Flash           Conj/Hex       0%         N/A       100%        3
 Frozen Ramparts          Ice            0%         1d1       100%        3
 Fugue of the Fallen      Necr           0%         N/A       100%        3
 Gell's Gravitas          Tloc           0%         N/A       100%        3
 Hailstorm                Conj/Ice       0%         3d5       100%        3
 Mephitic Cloud           Conj/Alch/Air  0%         N/A       100%        3
 Ozocubu's Armour         Ice            0%         N/A       100%        3
 Passwall                 Erth           0%         N/A       100%        3
 Sigil of Binding         Hex            0%         N/A       100%        3
 Stone Arrow              Conj/Erth      0%         3d7       100%        3
 Swiftness                Air            0%         N/A       100%        3
 Teleport Other           Tloc           0%         N/A       100%        3
 Tukima's Dance           Hex            0%         N/A       100%        3
 Vampiric Draining        Necr           0%         2d6       100%        3
 Volatile Blastmotes      Fire/Tloc      0%         2d10      100%        3
 Airstrike                Air            0%         2d(0-16)  100%        4
 Anguish                  Hex/Necr       0%         N/A       100%        4
 Animate Armour           Summ/Erth      0%         N/A       100%        4
 Cause Fear               Hex            0%         N/A       100%        4
 Dimensional Bullseye     Hex/Tloc       0%         N/A       100%        4
 Flame Wave               Conj/Fire      0%         2d4       100%        4
 Ignite Poison            Fire/Alch      0%         N/A       100%        4
 Iskenderun's Mystic Bla  Conj/Tloc      0%         2d3       100%        4
 Leda's Liquefaction      Alch/Erth      0%         N/A       100%        4
 Manifold Assault         Tloc           0%         N/A       100%        4
 Martyr's Knell           Necr/Summ      0%         N/A       100%        4
 Olgreb's Toxic Radiance  Alch           0%         N/A       100%        4
 Passage of Golubria      Tloc           0%         N/A       100%        4
 Petrify                  Alch/Erth      0%         N/A       100%        4
 Summon Blazeheart Golem  Fire/Summ      0%         N/A       100%        4
 Summon Lightning Spire   Summ/Air       0%         N/A       100%        4
 Vhi's Electric Charge    Tloc/Air       0%         N/A       100%        4
 Alistair's Intoxication  Alch           0%         N/A       100%        5
 Arcjolt                  Conj/Air       0%         1d10      100%        5
 Borgnjor's Vile Clutch   Necr/Erth      0%         N/A       100%        5
 Curse of Agony           Necr           0%         N/A       100%        5
 Fireball                 Conj/Fire      0%         3d3       100%        5
 Freezing Cloud           Conj/Ice/Air   0%         6-21      100%        5
 Lee's Rapid Deconstruct  Erth           0%         3d4*      100%        5
 Metabolic Englaciation   Hex/Ice        0%         N/A       100%        5
 Silence                  Hex/Air        0%         N/A       100%        5
 Bombard                  Conj/Erth      0%         9d1       100%        6
 Sculpt Simulacrum        Ice/Alch       0%         N/A       100%        6
 Starburst                Conj/Fire      0%         6d3       100%        6
 Summon Cactus Giant      Summ           0%         N/A       100%        6
 Enfeeble                 Hex            0%         N/A       100%        7
 Haunt                    Necr/Summ      0%         N/A       100%        7
 Malign Gateway           Summ/Tloc      0%         N/A       100%        7
 Orb of Destruction       Conj           0%         9d5       100%        7
 Ozocubu's Refrigeration  Ice            0%         4d7       100%        7
 Summon Hydra             Summ           0%         N/A       100%        7
 Borgnjor's Revivificati  Necr           0%         N/A       100%        8
 Discord                  Hex            0%         N/A       100%        8
 Maxwell's Capacitive Co  Air            0%         ∞         100%        8
 Summon Horrible Things   Summ           0%         N/A       100%        8
 Chain Lightning          Conj/Air       0%         N/A       100%        9
 Death's Door             Necr           0%         N/A       100%        9
 Dragon's Call            Summ           0%         N/A       100%        9


Dungeon Overview and Level Annotations

Branches:
Dungeon (15/15)            Temple (0/1) D:7            Lair (5/5) D:8
 Shoals (4/4) Lair:3       Spider (4/4) Lair:2        Slime (0/5) Lair:4
    Orc (2/2) D:12            Elf (3/3) Orc:2        Vaults (5/5) D:13
  Crypt (3/3) Vaults:2       Tomb (0/3) Crypt:3      Depths (4/4) D:15
   Hell (visited)             Zot (5/5) Depths:4    Ossuary (visited)
  IceCv (visited)         Volcano (visited)          WizLab (visited)
Gauntlet (visited)
    Dis: Hell:1         Geh: Hell:1         Coc: Hell:1         Tar: Hell:1

Altars:
Ashenzari
Fedhas
Kikubaaqudgha
Makhleb
Qazlal
Ru
Trog
Uskayaw
Vehumet
Wu Jian
Yredelemnul
Zin
The Shining One
Jiyva

Shops:
D:5 [?   D:8 (   Orc:2 [=?(   Elf:1 :   Elf:2 [   Elf:3 =:=[   Shoals:1 ?
Vaults:1 [   Depths:2 ?

Portals:
Hell: Depths:1 Depths:2 Depths:3 Depths:4
Abyss: Depths:2 Depths:3
Pandemonium: Depths:2
Ziggurat: Depths:2

Annotations:
Depths:1 2 transporters, exclusion: 3 orange crystal statues, Etzesk's ghost, veteran TeGl; Huzoalasm's ghost, veteran KoBr; Plog's ghost, veteran TeGl
Hell Murray
Zot:2 2 runed translucent doors, Calu's ghost, legendary KoHu
Abyss:1 Xuozy Guunn's ghost, journeyman DEEE


Innate Abilities, Weirdness & Mutations

You have a pair of horns on your head.
You reflexively headbutt those who attack you in melee.
You are agile. (Dex +4, Str/Int -1)
You occasionally lose the ability to read scrolls when taking damage.


Message History

You kill the red devil!
Makhleb accepts your kill.
Your +9 spectral eveningstar disappears.
You see here a +0 trident.
What level of the Dungeon? (default 1, ? - help)
There is a stone staircase leading up here.
You fly upwards.
There is a stone staircase leading down here.
There is a stone staircase leading up here.
You fly upwards.
There is a stone staircase leading down here.
There is an open door here.
There is an open door here.
There is a stone staircase leading up here.
You fly upwards.
There is a stone staircase leading down here.
An Orb Guardian comes into view.
You block the Orb Guardian's attack. The Orb Guardian hits you!
You thump the Orb Guardian! You headbutt the Orb Guardian!
Your +9 spectral eveningstar hits the Orb Guardian.
The Orb Guardian closely misses you. You furiously retaliate!
You headbutt the Orb Guardian. You thump the Orb Guardian!
Your headbutt misses the Orb Guardian.
Your +9 spectral eveningstar hits the Orb Guardian!!
The Orb Guardian misses you.
The Orb Guardian's sight is seared by the starlight!
You hit the Orb Guardian. Your headbutt misses the Orb Guardian.
Your +9 spectral eveningstar hits the Orb Guardian!!!
You kill the Orb Guardian!
Makhleb accepts your kill.
You feel better.
What level of the Dungeon? (default 1, ? - help)
Your +9 spectral eveningstar disappears.
There is a stone staircase leading up here.
You fly upwards.
There is a stone staircase leading down here.
A cherub comes into view.
It is wielding a +0 scimitar of flaming.
You miss the cherub. Your headbutt misses the cherub.
Your +9 spectral eveningstar hits the cherub!!!
You bludgeon the cherub!!
Your +9 spectral eveningstar hits the cherub!!
You kill the cherub!
Makhleb accepts your kill.
What level of the Dungeon? (default 1, ? - help)
Your +9 spectral eveningstar disappears.
There is a stone staircase leading up here.
You fly upwards.
There is a stone staircase leading down here.
There is a staircase leading out of the dungeon here.
You have escaped!

# #.....###### #..#....# #
#......###### ##......#
#...........# ###....#
########.####### #....#
#####.............#####..#
#.......#######.......####
.....###.......###......##
..###.............###....#
.#......#######.@....#...##
#.....### ###.....#...#
#....## ##....#...# #..†.##
##....#†..# #.....###
###.....#...#
.#).....#######......#...##
..###.............###....#
.....###.......###......##
#.......#######.......###


There were no monsters in sight!

Vanquished Creatures
  3 dread liches
  4 ancient liches
  Frederick (Vaults:3)
  5 orbs of fire
  Mara (Vaults:2)
  Sojobo (Vaults:2)
  Xtahua (Vaults:3)
  The ghost of Tinttamiau the Planerender, a veteran BaSu of Cheibriados (Vaults:4)
  Bai Suzhen (Crypt:3)
  Margery (Depths:1)
  2 Killer Klowns (Zot:5)
  2 caustic shrikes
  A curse toe (Zot:3)
  Nikola (Shoals:4)
  Geryon (Hell)
  A profane servitor (Abyss:2)
  15 golden dragons
  5 bone dragons
  4 electric golems
  Rupert (D:13)
  An Ice Fiend (Zot:3)
  15 tentacled monstrosities
  A walking crystal tome (Depths:3)
  9 liches
  A Hell Sentinel (Zot:3)
  2 searing wretches
  30 Orb Guardians
  4 titans
  3 deep elf master archers (Elf:3)
  5 deep elf blademasters
  13 tentacled starspawn
  2 sphinxes
  5 death cobs
  4 Executioners
  Frances (Abyss:2)
  13 ancient champions
  11 tengu reavers
  6 quicksilver dragons
  Kirke (D:13)
  14 storm dragons
  12 shadow dragons
  Donald (Shoals:2)
  5 protean progenitors
  Aizul (Elf:2)
  A revenant (Crypt:2)
  8 draconian monks
  5 draconian shifters
  A daeva (Vaults:4)
  2 draconian knights (Zot:3)
  20 fire giants
  18 frost giants
  4 emperor scorpions (Spider:4)
  5 draconian scorchers
  A balrug (D:11)
  20 vault wardens
  An iron dragon (Vaults:5)
  2 deep elf elementalists (Elf:3)
  6 ghost moths
  A juggernaut zombie (Abyss:2)
  5 deep elf sorcerers (Elf:3)
  A curse skull (Crypt:1)
  An angel (Vaults:4)
  4 ghouls
  A cacodemon (Hell)
  A broodmother (Spider:1)
  6 orc warlords
  16 ironbound preservers
  A juggernaut skeleton (Crypt:3)
  8 draconian annihilators
  2 reapers
  A demonspawn corrupter (Depths:1)
  4 draconian stormcallers
  17 stone giants
  7 very ugly things
  3 formless jellyfish
  2 quicksilver oozes (Zot:1)
  10 ironbound thunderhulks
  12 green draconians
  2 lorocyprocas
  6 deep elf death magi
  10 black draconians
  10 vampire knights
  4 deep elf demonologists
  10 yellow draconians
  Nessos (D:14)
  7 war gargoyles
  6 deep elf annihilators
  Azrael (Elf:2)
  11 purple draconians
  9 dire elephants
  15 red draconians
  9 white draconians
  6 spark wasps
  Snorg (Orc:2)
  7 eidola
  A blizzard demon (Abyss:3)
  5 merfolk javelineers
  2 mummy priests (Crypt:3)
  9 merfolk impalers
  3 crystal guardians
  24 ettins
  9 fire dragons
  11 yaktaur captains
  17 jiangshi
  7 entropy weavers
  11 ice dragons
  3 rakshasas
  3 deep elf high priests
  The ghost of ongoing the Carver, a journeyman DgGl (Lair:1)
  Fannar (Abyss:3)
  6 hydras
  6 ogre magi
  The ghost of Safa Pol the Cleaver, a journeyman HOCj of Hepliaklqana (Lair:1)
  37 vault guards
  Erolcha (Orc:2)
  6 great orbs of eyes
  3 merfolk avatars
  2 salamander tyrants (WizLab)
  2 hell beasts
  4 spriggan air magi
  The ghost of iamserjio the Carver, a journeyman OpMo of Uskayaw (D:11)
  11 ironbound frosthearts
  11 peacekeepers
  2 radroaches
  3 alligator snapping turtles
  3 boulder beetles
  A torpor snail (shapeshifter) (Depths:4)
  7 centaur warriors
  6 satyrs
  3 merfolk aquamancers
  6 death knights
  A spriggan skeleton (Crypt:3)
  19 two-headed ogres
  A catoblepas (D:13)
  8 deep troll earth magi
  29 dancing weapons
  7 deep troll shamans
  The ghost of Ostraeg the Martial Artist, a journeyman OpSh of Wu Jian (Lair:1)
  A death scarab (Spider:3)
  6 tengu warriors
  7 demonic crawlers
  16 thrashing horrors
  5 spriggan berserkers
  An orc high priest (Vaults:1)
  4 vampire magi
  24 deep elf knights
  Urug (Lair:3)
  12 hell knights
  10 sun demons
  Nergalle (Orc:2)
  4 occultists
  4 sixfirhies
  A fire crab (Volcano)
  5 skysharks
  7 pharaoh ants
  38 skeletal warriors
  2 skysharks (shapeshifter)
  2 shadow wraiths
  5 iron trolls
  12 wretched stars
  A bunyip zombie (Crypt:3)
  A cherub (D:2)
  A ghost moth zombie (Crypt:1)
  A goliath frog (Lair:5)
  9 sea snakes
  A mana viper (Abyss:3)
  11 glowing orange brains
  3 sea snakes (shapeshifter)
  51 deep trolls
  6 deep elf archers
  3 flayed ghosts
  7 orb spiders
  An anaconda skeleton (Abyss:3)
  An iron giant zombie (Crypt:3)
  7 arcanists
  15 ironbound convokers
  2 shadow demons
  25 deep elf zephyrmancers
  3 sun moths
  10 steelbarb worms
  2 bog bodies (Crypt:3)
  16 orc knights
  30 deep elf pyromancers
  3 lindwurms (Vaults:1)
  15 phantasmal warriors
  17 wolf spiders
  17 harpies
  A broodmother zombie (Crypt:1)
  10 orc sorcerers
  16 large abominations
  5 necromancers
  22 ugly things
  An alligator zombie (Crypt:3)
  4 cyclopes
  A manticore (shapeshifter) (Vaults:4)
  2 lightning spires (WizLab)
  18 fauns
  13 manticores
  A tengu skeleton (Vaults:2)
  26 elephants
  4 salamanders
  2 worldbinders (Abyss:3)
  10 merfolk sirens
  2 stone giant skeletons (Vaults:2)
  31 moths of wrath
  A kobold blastminer (Orc:1)
  A fire giant skeleton (Crypt:2)
  5 rust devils
  A cyclops (shapeshifter) (Vaults:5)
  5 torpor snails
  23 vault sentinels
  An apocalypse crab (Abyss:3)
  4 water nymphs
  3 black mambas
  2 ice statues (IceCv)
  3 molten gargoyles (WizLab)
  A mana viper zombie (Crypt:1)
  23 cane toads
  5 smoke demons
  14 gargoyles
  An alligator snapping turtle zombie (Crypt:3)
  An orange demon (D:14)
  A purple draconian zombie (Crypt:3)
  4 unseen horrors
  Jeremiah (D:9)
  12 freezing wraiths
  3 efreet
  A kobold demonologist (Abyss:2)
  6 komodo dragons
  An alligator snapping turtle skeleton (Crypt:3)
  32 yaktaurs
  6 rime drakes
  3 tengu conjurers
  A tormentor (Depths:1)
  An ice devil (Abyss:3)
  A dire elephant skeleton (Crypt:2)
  A minotaur zombie (Abyss:3)
  8 swamp worm zombies (Crypt:1)
  3 guardian mummies (Crypt:3)
  6 ancient zymes
  A golden dragon simulacrum (Crypt:3)
  A catoblepas skeleton (Crypt:2)
  A harpy zombie (Crypt:1)
  A red devil (D:6)
  A hellwing (Abyss:3)
  6 trolls
  34 merfolk
  2 elf skeletons (Vaults:2)
  A tyrant leech (Lair:5)
  3 wind drakes
  30 tarantellas
  A hornet (D:11)
  7 snapping turtles
  8 raiju
  A dream sheep (shapeshifter) (Vaults:5)
  14 dream sheep
  26 slime creatures
  A deep troll zombie (Vaults:4)
  2 ettin zombies
  24 jumping spiders
  16 blink frogs
  A shadow (D:11)
  Sigmund (D:3)
  A centaur simulacrum (D:15)
  An ettin skeleton (Abyss:3)
  A vampire (D:12)
  41 yaks
  33 culicivoras
  A black mamba zombie (Crypt:1)
  13 water elementals
  An air elemental (Elf:3)
  14 wraiths
  4 wyverns
  3 basilisks
  4 ushabtiu (Crypt:3)
  5 ynoxinuls
  5 fire bats
  A hog (D:13)
  7 fire elementals
  A golden eye (Gauntlet)
  6 neqoxecs (Abyss:3)
  15 vampire mosquitoes
  A merfolk zombie (Crypt:1)
  A steam dragon (D:6)
  A wind drake skeleton (Crypt:3)
  3 chaos spawn
  43 redbacks
  A human simulacrum (Vaults:4)
  2 glowing shapeshifter zombies
  3 hell hounds
  8 small abominations
  An acid dragon (D:10)
  10 water moccasins
  A water nymph skeleton (Crypt:2)
  An ogre skeleton (Vaults:2)
  A demonspawn skeleton (Crypt:1)
  3 glowing shapeshifter skeletons (Vaults:2)
  2 sky beasts
  17 orc warriors
  2 ice beasts
  2 black bears
  9 laughing skulls
  An elephant zombie (Crypt:3)
  3 human skeletons
  21 ogres
  18 wolves
  39 starcursed masses (Abyss:3)
  7 centaurs
  A salamander zombie (Crypt:1)
  A kobold brigand (D:8)
  16 bullfrogs
  2 brain worms
  2 weeping skulls
  7 earth elementals
  2 elf zombies
  A gnoll sergeant (D:13)
  A necrophage (Crypt:3)
  2 scorpions
  2 burial acolytes (Ossuary)
  9 wights
  6 killer bees (D:10)
  4 lindwurm simulacra (IceCv)
  5 howler monkeys
  5 electric eels
  A bombardier beetle (D:5)
  3 centaur zombies
  Crazy Yiuf (D:7)
  A quasit (Abyss:3)
  2 gnoll boudas
  6 hounds
  5 jellies
  7 komodo dragon simulacra (IceCv)
  14 orc priests
  A sleepcap (D:6)
  4 human zombies
  6 iguanas
  4 iron imps
  31 orc wizards
  6 hell rats
  An ice beast zombie (Crypt:2)
  4 hound zombies (Ossuary)
  14 mummies
  10 gnolls
  8 acid dragon simulacra (IceCv)
  5 adders
  9 river rats (Lair:5)
  2 shadow imps
  4 white imps
  11 ufetubi
  2 steam dragon simulacra (IceCv)
  2 jelly zombies
  An adder skeleton (Crypt:3)
  3 dart slugs
  2 ribbon worms (D:2)
  59 orcs
  6 endoplasms
  4 giant cockroaches
  2 goblins
  8 hobgoblins
  7 jackals (D:4)
  A quokka (D:1)
  3 ball pythons
  6 bats
  A bombardier beetle zombie (Crypt:3)
  5 frilled lizards
  A frilled lizard skeleton (Crypt:2)
  2 gnoll zombies (Ossuary)
  A hobgoblin zombie (Crypt:1)
  11 kobolds
  5 orc zombies (Ossuary)
  A quokka skeleton (Crypt:3)
  3 rats
  3 lurking horrors (Abyss:3)
  4 starspawn tentacles (Abyss:3)
2510 creatures vanquished.

Vanquished Creatures (collateral kills)
  A vault warden (Vaults:4)
  An ironbound preserver (Vaults:4)
  Harold (D:10)
  An ironbound convoker (Vaults:4)
4 creatures vanquished.

Vanquished Creatures (others)
  Gastronok (Lair:3)
  A deep elf zephyrmancer (Elf:1)
  An ironbound convoker (Vaults:1)
  A deep elf pyromancer (Elf:2)
  A faun (Shoals:4)
  A troll (Zot:4)
  An orc priest (D:13)
  A starcursed mass (Abyss:3)
  A creeping inferno (Hell)
  3 fire vortices (Hell)
  69 spectral weapons
  23 starspawn tentacles (Abyss:3)
104 creatures vanquished.

Grand Total: 2618 creatures vanquished

Notes
Turn   | Place    | Note
-------+----------+-------------------------------------------
     0 | D:1      | James the Minotaur Fighter began the quest for the Orb.
     0 | D:1      | Reached XP level 1. HP: 19/19 MP: 0/0
   110 | D:1      | Reached XP level 2. HP: 25/26 MP: 1/1
   623 | D:2      | Reached XP level 3. HP: 31/31 MP: 2/2
   826 | D:2      | Identified the +1 pair of boots of the Rose {Harm ^Drain
                  | rPois SInv}
   958 | D:2      | Reached XP level 4. HP: 39/40 MP: 3/3
   964 | D:2      | Reached skill level 1 in Dodging
  1579 | D:3      | Found a burning altar of Makhleb.
  1604 | D:3      | Became a worshipper of Makhleb the Destroyer
  1655 | D:3      | Noticed Sigmund
  1668 | D:3      | Killed Sigmund
  1669 | D:3      | Reached skill level 5 in Maces & Flails
  1669 | D:3      | Reached XP level 5. HP: 37/47 MP: 4/4
  1959 | D:4      | Reached XP level 6. HP: 53/53 MP: 5/5
  2485 | D:4      | Reached skill level 5 in Fighting
  2485 | D:4      | Reached XP level 7. HP: 54/61 MP: 6/6
  2978 | D:5      | Entered Level 5 of the Dungeon
  2978 | D:5      | Found Icigid's Antique Armour Emporium.
  2987 | D:5      | Reached skill level 5 in Armour
  3250 | D:5      | Reached skill level 5 in Shields
  3295 | D:5      | Reached * piety under Makhleb
  3461 | D:5      | Found Ushreof's Magic Scroll Shoppe.
  4149 | D:5      | Bought a scroll of blinking for 75 gold pieces
  4149 | D:5      | Bought a scroll of enchant weapon for 75 gold pieces
  4276 | D:6      | Found a glowing silver altar of Zin.
  4276 | D:6      | Found a radiant altar of Vehumet.
  4277 | D:6      | Found an ornate altar of the Wu Jian Council.
  4284 | D:6      | Reached XP level 8. HP: 59/68 MP: 7/7
  4315 | D:6      | Reached skill level 10 in Maces & Flails
  4409 | D:6      | Found a hide-covered altar of Uskayaw.
  4456 | D:6      | Found a sand-covered staircase.
  4486 | Ossuary  | Entered an ossuary
  4684 | Ossuary  | Reached ** piety under Makhleb
  5216 | D:6      | Reached XP level 9. HP: 75/75 MP: 8/8
  5850 | D:7      | Found a staircase to the Ecumenical Temple.
  6082 | D:7      | Found a runed translucent door.
  6083 | D:7      | Noticed Crazy Yiuf
  6361 | D:8      | Identified the +6 long sword of Valour {venom, rN++ Int-3
                  | Dex-2 SInv}
  6408 | D:8      | Found a staircase to the Lair.
  6635 | D:8      | Found Vaogui's Antique Weapon Shoppe.
  6703 | D:8      | Reached *** piety under Makhleb
  7246 | D:9      | Noticed an unseen horror
  7250 | D:9      | Killed an unseen horror
  7251 | D:9      | Reached XP level 10. HP: 51/88 MP: 9/9
  7835 | D:9      | Noticed a two-headed ogre
  7843 | D:9      | Killed a two-headed ogre
  7919 | D:9      | Noticed Jeremiah
  8197 | D:10     | Entered Level 10 of the Dungeon
  8238 | D:10     | Found a sacrificial altar of Ru.
  8464 | D:10     | Reached skill level 1 in Invocations
  8464 | D:10     | Noticed Harold
  8483 | D:10     | Killed Harold
  8932 | D:10     | Reached skill level 5 in Invocations
  9036 | D:10     | Identified a scroll of acquirement
  9036 | D:10     | Acquired a +5 eveningstar of distortion
  9278 | D:11     | Reached XP level 11. HP: 97/97 MP: 13/13
  9624 | D:11     | Paralysed by a hornet for 1 turns
  9779 | D:11     | Noticed a boulder beetle
  9790 | D:11     | Killed a boulder beetle
  9791 | D:11     | Reached skill level 10 in Armour
  9848 | D:11     | Found a runed translucent gate.
  9848 | D:11     | Found a runed translucent gate.
  9848 | D:11     | Found a runed translucent gate.
  9848 | D:11     | Noticed iamserjio's ghost (journeyman OpMo)
  9850 | D:11     | Found a basalt altar of Yredelemnul.
  9857 | D:11     | Reached skill level 10 in Fighting
  9860 | D:11     | Reached skill level 15 in Maces & Flails
 10318 | D:7      | Killed Crazy Yiuf
 10408 | Lair:1   | Entered Level 1 of the Lair of Beasts
 10412 | Lair:1   | Reached **** piety under Makhleb
 10477 | Lair:1   | Found a gate leading to a gauntlet.
 10498 | Gauntlet | Entered a Gauntlet
 10498 | Gauntlet | Found a transporter.
 10498 | Gauntlet | Found a transporter.
 10502 | Gauntlet | Found a transporter.
 10502 | Gauntlet | Found a transporter.
 10510 | Gauntlet | Noticed a thrashing horror
 10512 | Gauntlet | Found a transporter.
 10522 | Gauntlet | Found a transporter.
 10524 | Gauntlet | Found a transporter.
 10525 | Gauntlet | Found a transporter.
 10560 | Gauntlet | Found a transporter.
 10567 | Gauntlet | Found a transporter.
 10590 | Gauntlet | Noticed an oklob plant
 10591 | Gauntlet | Found a transporter.
 10631 | Gauntlet | Found a transporter.
 10647 | Gauntlet | Found a transporter.
 10649 | Gauntlet | Noticed a hell beast
 10662 | Gauntlet | Found a transporter.
 10762 | Gauntlet | Found a transporter.
 10774 | Gauntlet | Noticed a death drake
 10776 | Gauntlet | Found a transporter.
 10779 | Gauntlet | Found the dreamshard necklace {Acrobat *Dream}
 10943 | Gauntlet | Killed a thrashing horror
 10967 | Gauntlet | Identified the +1 pair of gloves "Otiosedu" {MP+9 Dex+3
                  | SInv}
 11090 | Gauntlet | Identified the +1 pair of boots of the Old and Reckless
                  | {Harm Rampage rF++ Int-3}
 11141 | Gauntlet | Found the +1 cloak of Starlight {*Dazzle EV+4 Stlth--}
 11141 | Gauntlet | Identified the +4 broad axe of Nemelex Xobeh's Favour
                  | {antimagic, SInv}
 11141 | Gauntlet | Noticed a minotaur
 11145 | Gauntlet | Banished a minotaur
 11404 | Lair:1   | Found a runed translucent gate.
 11405 | Lair:1   | Found a runed translucent gate.
 11406 | Lair:1   | Found a runed translucent gate.
 11407 | Lair:1   | Noticed Ostraeg's ghost (journeyman OpSh)
 11408 | Lair:1   | Noticed Xuozy Guunn's ghost (journeyman DEEE)
 11408 | Lair:1   | Noticed Safa Pol's ghost (journeyman HOCj)
 11408 | Lair:1   | Noticed ongoing's ghost (journeyman DgGl)
 11432 | Lair:1   | Reached XP level 12. HP: 108/108 MP: 15/15
 12030 | Lair:2   | Reached skill level 5 in Dodging
 12140 | Lair:2   | Found a hole to the Spider Nest.
 12191 | Lair:2   | Noticed a six-headed hydra
 12206 | Lair:2   | Killed a six-headed hydra
 12363 | Lair:2   | Noticed a seven-headed hydra
 12367 | Lair:2   | Banished a seven-headed hydra
 12878 | Lair:3   | Noticed Fannar
 12884 | Lair:3   | Banished Fannar
 12897 | Lair:3   | Found a staircase to the Shoals.
 12935 | Lair:3   | Found a dark tunnel.
 12954 | Volcano  | Entered a volcano
 12969 | Volcano  | Noticed a two-headed ogre
 12971 | Volcano  | Banished a two-headed ogre
 12972 | Volcano  | Reached XP level 13. HP: 104/118 MP: 18/18
 12974 | Volcano  | Reached ***** piety under Makhleb
 13265 | Lair:3   | Noticed Gastronok
 13268 | Lair:3   | Noticed Urug
 13273 | Lair:3   | Killed Gastronok
 13277 | Lair:3   | Killed Urug
 13956 | Lair:4   | Reached skill level 10 in Invocations
 14124 | Lair:4   | Found a viscous altar of Jiyva.
 14129 | Lair:4   | Found a staircase to the Slime Pits.
 14670 | Lair:5   | Entered Level 5 of the Lair of Beasts
 14676 | Lair:5   | Reached XP level 14. HP: 129/129 MP: 21/21
 14854 | Lair:5   | Reached ****** piety under Makhleb
 15030 | Lair:5   | Identified the +2 leather armour "Rakug" {^Contam rF+ rC+
                  | SInv}
 15551 | D:9      | Killed Jeremiah
 16218 | D:11     | Killed iamserjio's ghost
 16909 | D:12     | Found a staircase to the Orcish Mines.
 16920 | D:12     | Reached skill level 10 in Dodging
 17344 | Orc:1    | Entered Level 1 of the Orcish Mines
 17868 | Orc:2    | Entered Level 2 of the Orcish Mines
 17890 | Orc:2    | Noticed Snorg
 17897 | Orc:2    | Killed Snorg
 18080 | Orc:2    | Found a staircase to the Elven Halls.
 18407 | Orc:2    | Found Baumuebast's Antique Armour Emporium.
 18484 | Orc:2    | Found a radiant altar of Vehumet.
 18488 | Orc:2    | Noticed Erolcha
 18491 | Orc:2    | Reached XP level 15. HP: 139/139 MP: 24/24
 18502 | Orc:2    | Killed Erolcha
 18547 | Orc:2    | Found Deidahe's Jewellery Shoppe.
 18559 | Orc:2    | Noticed Nergalle
 18563 | Orc:2    | Found an ancient bone altar of Kikubaaqudgha.
 18569 | Orc:2    | Killed Nergalle
 18585 | Orc:2    | Found Corr's Antique Weapon Emporium.
 18596 | Orc:2    | Found Jeanuov's Magic Scroll Emporium.
 19123 | D:13     | Found a frozen archway.
 19148 | IceCv    | Entered an ice cave
 19926 | D:13     | Identified the +1 war axe "Ovviukh" {flame, *Rage Fly
                  | rPois}
 19970 | D:13     | Noticed Kirke
 19977 | D:13     | Killed Kirke
 20032 | D:13     | Noticed Rupert
 20039 | D:13     | Killed Rupert
 20219 | D:13     | Reached skill level 15 in Invocations
 20345 | D:13     | Found a gate to the Vaults.
 20580 | D:14     | Noticed Nessos
 20594 | D:14     | Killed Nessos
 20595 | D:14     | Reached skill level 10 in Shields
 21312 | D:15     | Entered Level 15 of the Dungeon
 21335 | D:15     | Paralysed by an ogre mage for 3 turns
 21490 | D:15     | Found a staircase to the Depths.
 21787 | D:15     | Found a stormy altar of Qazlal.
 21826 | D:15     | Reached skill level 15 in Fighting
 22317 | Lair:1   | Killed ongoing's ghost
 22320 | Lair:1   | Banished Xuozy Guunn's ghost
 22325 | Lair:1   | Killed Ostraeg's ghost
 22345 | Lair:1   | Killed Safa Pol's ghost
 22523 | D:5      | Bought a glowing chain mail for 247 gold pieces
 22855 | Lair:2   | Upgraded the game from 0.31-a0-1574-g5526595cd0 to
                  | 0.31-a0-1581-g41d5ff3e7b
 22869 | Spider:1 | Entered Level 1 of the Spider Nest
 22945 | Spider:1 | Reached XP level 16. HP: 149/149 MP: 26/26
 24384 | Spider:2 | Reached skill level 15 in Armour
 25202 | Spider:3 | Reached skill level 15 in Shields
 25426 | Spider:3 | Identified the +1 hat of Hedonism {SInv}
 26195 | Spider:4 | Entered Level 4 of the Spider Nest
 26503 | Spider:4 | Reached XP level 17. HP: 156/156 MP: 28/28
 27096 | Spider:4 | Got a gossamer rune of Zot
 27591 | Shoals:1 | Entered Level 1 of the Shoals
 27591 | Shoals:1 | Found Junipnou's Magic Scroll Emporium.
 28170 | Shoals:2 | Noticed Frances
 28180 | Shoals:2 | Banished Frances
 28433 | Shoals:2 | Noticed Donald
 28441 | Shoals:2 | Killed Donald
 28932 | Shoals:3 | Identified the +1 robe of Cocytus {rPois Regen+ Str-3 SInv}
 29373 | Shoals:3 | Identified the +1 flail "Muqyap" {freeze, rElec Int+3
                  | Dex+3}
 29534 | Shoals:4 | Entered Level 4 of the Shoals
 29782 | Shoals:4 | Reached XP level 18. HP: 166/166 MP: 29/29
 29839 | Shoals:4 | Got Padghex's Compilation of Hyperthermia and Concoctions
 30105 | Shoals:4 | Got the Vellum of the Loathsome Catalyst
 30112 | Shoals:4 | Noticed Nikola
 30152 | Shoals:4 | Killed Nikola
 30329 | Shoals:4 | Got a barnacled rune of Zot
 30424 | Shoals:4 | Found the macabre finger necklace {Finger+ rN+}
 30930 | Vaults:1 | Entered Level 1 of the Vaults
 31354 | Orc:2    | Bought a scroll of enchant armour for 97 gold pieces
 31354 | Orc:2    | Bought a scroll of enchant armour for 97 gold pieces
 31717 | Vaults:1 | Found Yca Ureqo's Antique Armour Shoppe.
 32903 | Vaults:2 | Reached XP level 19. HP: 177/177 MP: 30/30
 34910 | Elf:1    | Entered Level 1 of the Elven Halls
 35976 | Elf:1    | Found Hudecy's Book Boutique.
 36830 | Elf:2    | Got Ereshkigal's Quarto of Sand
 36833 | Elf:2    | Found Xipimujuph's Armour Shop.
 36885 | Elf:2    | Identified the serpent talisman of Pecerea {rElec Int+2
                  | Slay+6}
 36885 | Elf:2    | Noticed Aizul
 36900 | Elf:2    | Killed Aizul
 36910 | Elf:2    | Got Ts'ui Pên's Volume of Forking Paths
 36917 | Elf:2    | Got Xailat's Compendium of Dhcmrlchtdj
 37148 | Elf:2    | Reached XP level 20. HP: 180/188 MP: 32/32
 37174 | Elf:2    | Found a huge runed translucent gate.
 37174 | Elf:2    | Found a huge runed translucent gate.
 37174 | Elf:2    | Found a huge runed translucent gate.
 37175 | Elf:2    | Found a huge runed translucent gate.
 37177 | Elf:2    | Found a huge runed translucent gate.
 37353 | Elf:3    | Entered Level 3 of the Elven Halls
 37639 | Elf:3    | Found Kaokom Hori's Jewellery Shoppe.
 37639 | Elf:3    | Found Mojuth's Book Boutique.
 37640 | Elf:3    | Found Munom's Jewellery Shoppe.
 37655 | Elf:3    | Bought the ring of the Gloaming {rElec EV+5 Str+3 Int+3
                  | Stlth-} for 795 gold pieces
 37726 | Elf:3    | Found Seeller's Armour Shop.
 38350 | Elf:3    | Bought a manual of Invocations for 960 gold pieces
 38942 | Elf:3    | Identified the +8 morningstar "Cory" {drain, Str+2}
 38955 | Elf:3    | Identified the +11 scimitar of Dishonour {heavy, ^Fragile
                  | rF+ Int+4 Dex+6}
 38955 | Elf:3    | Identified the ring "Qimumaub" {rF+ rCorr}
 39234 | Elf:3    | Identified the amulet "Hiweon" {Spirit Fly rC+ rCorr Str+3}
 39746 | Elf:3    | Reached skill level 15 in Dodging
 39907 | Elf:3    | Got Voustal's Directory of the Icicle and Translocation
 39935 | Elf:3    | Identified the flux talisman "Akkuph" {rElec rPois Int+3}
 39938 | Elf:3    | Got the Precepts of Virulence and Convocation
 40533 | Vaults:3 | Noticed Mara
 40535 | Vaults:3 | Noticed James's illusion
 40548 | Vaults:3 | Paralysed by a formless jellyfish for 1 turns
 40552 | Vaults:3 | Paralysed by a formless jellyfish for 1 turns
 40566 | Vaults:3 | HP: 4/189 [James's illusion (illusionary)[Mara] (24)]
 41051 | Vaults:3 | Noticed Xtahua
 41074 | Vaults:3 | Killed Xtahua
 41265 | Vaults:3 | Noticed Sojobo
 41397 | Vaults:2 | Killed Sojobo
 41474 | Vaults:3 | Noticed James's illusion
 41708 | Vaults:2 | Noticed James's illusion
 41720 | Vaults:2 | Killed Mara
 41963 | Vaults:3 | Found a portal to a secret trove of treasure.
 42048 | Vaults:3 | Identified the orb of Cogiuzy {*channel, Int+3 Conj}
 42048 | Vaults:3 | Noticed Frederick
 42061 | Vaults:3 | Killed Frederick
 42143 | Vaults:3 | Reached XP level 21. HP: 192/198 MP: 33/33
 42414 | Vaults:3 | Identified the +4 sling "Murmur" {speed, Fly Str+2 Int-4
                  | Dex+2}
 43413 | Vaults:4 | Found a runed translucent gate.
 43413 | Vaults:4 | Found a runed translucent gate.
 43413 | Vaults:4 | Found a runed translucent gate.
 43929 | Vaults:4 | Found a transporter.
 43935 | Vaults:4 | Noticed Tinttamiau's ghost (veteran BaSu)
 43940 | Vaults:4 | Found a transporter.
 43941 | Vaults:4 | Found a bloodstained altar of Trog.
 44573 | Vaults:4 | Found a glowing golden altar of the Shining One.
 44760 | Vaults:2 | Gained mutation: You occasionally lose the ability to read
                  | scrolls when taking damage. [mutagenic glow]
 44774 | Vaults:2 | Gained mutation: You are vulnerable to heat. (rF-)
                  | [mutagenic glow]
 44778 | Vaults:2 | Found a staircase to the Crypt.
 44803 | Vaults:2 | Gained mutation: Your magical capacity is low. (-10% MP)
                  | [mutagenic glow]
 45054 | Elf:2    | Lost mutation: Your magical capacity is low. (-10% MP)
                  | [potion of mutation]
 45054 | Elf:2    | Lost mutation: You are vulnerable to heat. (rF-) [potion of
                  | mutation]
 45054 | Elf:2    | Gained mutation: You are resistant to electric shocks.
                  | (rElec) [potion of mutation]
 45055 | Elf:2    | Lost mutation: You occasionally lose the ability to read
                  | scrolls when taking damage. [potion of mutation]
 45055 | Elf:2    | Lost mutation: You are resistant to electric shocks.
                  | (rElec) [potion of mutation]
 45055 | Elf:2    | Gained mutation: Your flesh is cold resistant. (rC+)
                  | [potion of mutation]
 45055 | Elf:2    | Gained mutation: Your muscles are strong. (Str +4, Int/Dex
                  | -1) [potion of mutation]
 45237 | Elf:2    | Noticed Azrael
 45242 | Elf:2    | Killed Azrael
 46585 | Shoals:1 | Bought a scroll of brand weapon for 123 gold pieces
 46795 | Depths:1 | Entered Level 1 of the Depths
 46889 | Depths:1 | Found a magical portal.
 46907 | WizLab   | Entered Maxwell's Workshop
 47185 | WizLab   | Found the +2 Maxwell's thermic engine {flame, freeze, rev}
 47217 | WizLab   | Identified the ring of Vufam {Ice rElec rPois Will- Dex-3}
 47219 | WizLab   | Identified the ring "Zecram" {Ice ^Contam rElec rN+ Int+7}
 47404 | WizLab   | Reached XP level 22. HP: 207/207 MP: 35/35
 47445 | WizLab   | Identified the +2 spear "Xuf Rel" {drain, rC+ rN++ Str+2
                  | Dex-3}
 47488 | WizLab   | Identified the +1 ring mail of Card Tricks {Int+3}
 47714 | Depths:1 | Noticed Etzesk's ghost (veteran TeGl)
 47717 | Depths:1 | Found a transporter.
 47727 | Depths:1 | Noticed Plog's ghost (veteran TeGl)
 47733 | Depths:1 | Found a transporter.
 47735 | Depths:1 | Noticed Huzoalasm's ghost (veteran KoBr)
 47899 | Depths:1 | Found a broken altar of Ashenzari.
 48065 | Depths:1 | Found a gateway to Hell.
 48380 | Depths:2 | Found Muarrur's Magic Scroll Boutique.
 48387 | Depths:2 | Bought a scroll of teleportation for 33 gold pieces
 48387 | Depths:2 | Bought a scroll of blinking for 82 gold pieces
 48389 | Depths:2 | Noticed Margery
 48417 | Depths:1 | Killed Margery
 48541 | Depths:2 | Found an ancient bone altar of Kikubaaqudgha.
 48571 | Depths:2 | Paralysed by a sphinx for 5 turns
 48574 | Abyss:2  | Cast into level 2 of the Abyss (an occultist)
 48625 | Abyss:2  | Gained mutation: Potions are less effective at restoring
                  | your health. [a neqoxec]
 48635 | Abyss:2  | Killed Frances
 48765 | Depths:2 | Escaped the Abyss
 48854 | Depths:2 | Noticed a golden dragon
 48861 | Depths:2 | Killed a golden dragon
 49131 | Depths:2 | Found a radiant altar of Vehumet.
 49180 | Depths:2 | Found a one-way gate to the infinite horrors of the Abyss.
 49183 | Depths:2 | Found a radiant altar of Vehumet.
 49421 | Depths:2 | Found a one-way gate leading to the halls of Pandemonium.
 49446 | Depths:2 | Noticed a caustic shrike
 49459 | Depths:2 | Killed a caustic shrike
 49561 | Depths:2 | Identified the +1 scale mail "Taed" {Str+5}
 49628 | Depths:2 | Found a one-way gateway to a ziggurat.
 49769 | Depths:2 | Found a one-way gate leading to the halls of Pandemonium.
 49922 | Depths:2 | Found Muarrur's Magic Scroll Boutique.
 49945 | Depths:2 | Found a radiant altar of Vehumet.
 49988 | Depths:2 | Found a radiant altar of Vehumet.
 49988 | Depths:2 | Found a one-way gate to the infinite horrors of the Abyss.
 50077 | Depths:2 | Found a one-way gateway to a ziggurat.
 50192 | Depths:2 | Found an ancient bone altar of Kikubaaqudgha.
 50549 | Depths:3 | Found a runed translucent door.
 50549 | Depths:3 | Found a runed translucent door.
 50639 | Depths:3 | Found a runed translucent door.
 50926 | Depths:3 | Identified the +7 flail "Grom" {drain, rPois Int+3 Dex+4
                  | Stlth+}
 51120 | Depths:3 | Noticed a caustic shrike
 51122 | Depths:3 | Killed a caustic shrike
 51382 | Depths:3 | Reached XP level 23. HP: 217/217 MP: 37/37
 51812 | Depths:3 | Found a runed translucent door.
 51813 | Depths:3 | Found a runed translucent door.
 51994 | Depths:3 | Found a runed translucent door.
 52320 | Depths:4 | Entered Level 4 of the Depths
 52834 | Depths:4 | Found a gate to the Realm of Zot.
 53528 | Vaults:5 | Entered Level 5 of the Vaults
 53827 | Vaults:5 | Identified the +7 great mace "Varuasutz" {venom, rElec
                  | rF+++ rN+ SInv}
 53864 | Vaults:5 | Identified the amulet of Cimyreom {Acrobat rF+}
 53912 | Vaults:5 | Got the Essays on Arenous Destruction
 54322 | Vaults:5 | Identified the +1 mace "Spiderbane" {freeze, rPois rCorr}
 54324 | Vaults:5 | Got a silver rune of Zot
 54976 | Vaults:5 | Reached XP level 24. HP: 231/231 MP: 37/37
 55098 | Vaults:5 | Identified the ring of Jyniagaheu {rPois rC+ Str+3}
 55126 | Vaults:5 | Identified the +3 ring mail of the Gloaming {^Drain rElec
                  | rPois rC++}
 55168 | Vaults:5 | Identified the +2 dagger "Wurphom" {antimagic, Will+}
 55320 | Vaults:5 | Got Sif Muna's Handbook of Airy Rallying
 55845 | Shoals:1 | Bought a scroll of fear for 52 gold pieces
 55845 | Shoals:1 | Bought a scroll of revelation for 97 gold pieces
 56174 | Vaults:3 | You paid a toll of 7 scrolls of fear to enter a treasure
                  | trove
 56175 | Trove    | Entered a treasure trove
 56186 | Trove    | Identified the ring "Pitu Ure" {*Corrode rF+ rC+ Will-
                  | Str+6}
 56196 | Trove    | Identified the amulet "Cyuhakk" {Faith Harm Str+2}
 56198 | Trove    | Identified the +4 pair of gloves of Space {SInv}
 56247 | Vaults:3 | Acquired 1119 gold pieces
 56962 | Depths:2 | Voluntarily entered the Abyss.
 56962 | Abyss:2  | Found a corrupted altar of Lugonu.
 57306 | Abyss:3  | Found a corrupted altar of Lugonu.
 57309 | Abyss:3  | Found a corrupted altar of Lugonu.
 57309 | Abyss:3  | Found a corrupted altar of Lugonu.
 57486 | Abyss:3  | Found a corrupted altar of Lugonu.
 57488 | Abyss:3  | Noticed a dread lich
 57499 | Abyss:3  | Killed a dread lich
 57501 | Abyss:3  | Found a corrupted altar of Lugonu.
 57529 | Abyss:3  | Found a corrupted altar of Lugonu.
 57563 | Abyss:3  | Lost intelligence.
 57577 | Abyss:3  | Reached skill level 27 in Maces & Flails
 57634 | Abyss:3  | Killed Fannar
 57641 | Abyss:3  | Lost intelligence.
 58044 | Abyss:3  | Paralysed by accursed screaming for 1 turns
 58083 | Abyss:3  | Got an abyssal rune of Zot
 58191 | Abyss:3  | Paralysed by accursed screaming for 2 turns
 58216 | Depths:2 | Escaped the Abyss
 58266 | Zot:1    | Entered Level 1 of the Realm of Zot
 59818 | Zot:2    | Reached XP level 25. HP: 243/243 MP: 37/37
 60125 | Zot:2    | Found a large runed translucent door.
 60126 | Zot:2    | Found a large runed translucent door.
 60129 | Zot:2    | Noticed Calu's ghost (legendary KoHu)
 60838 | Zot:2    | Identified the +0 plate armour of Eshria Neyma {rF- rC-
                  | Dex+8 SInv}
 61892 | Zot:3    | Found a radiant altar of Vehumet.
 62299 | Zot:3    | Found a blossoming altar of Fedhas.
 62513 | Zot:3    | Found a stormy altar of Qazlal.
 62688 | Zot:3    | Found a stormy altar of Qazlal.
 62751 | Zot:3    | Found a radiant altar of Vehumet.
 62967 | Zot:3    | Found a blossoming altar of Fedhas.
 64174 | Zot:4    | Noticed an orb of fire
 64175 | Zot:4    | Gained mutation: You are frail. (-10% HP) [an orb of fire]
 64178 | Zot:4    | Killed an orb of fire
 64810 | Zot:4    | Reached XP level 26. HP: 230/230 MP: 37/37
 65265 | Zot:5    | Entered Level 5 of the Realm of Zot
 66069 | Hell     | Entered the Vestibule of Hell
 66069 | Hell     | Noticed Geryon
 66076 | Hell     | Killed Geryon
 66105 | Hell     | Noticed Murray
 66837 | Orc:2    | Bought the ring of Yrabboi {Ice +Blink Fly Int+4 Dex-2} for
                  | 679 gold pieces
 67091 | Crypt:1  | Entered Level 1 of the Crypt
 67645 | Crypt:1  | Noticed an ancient lich
 67654 | Crypt:1  | Killed an ancient lich
 67737 | Crypt:1  | Identified the +4 long sword of Ypoej {flame, rN++ Int+8}
 68586 | Crypt:3  | Entered Level 3 of the Crypt
 68921 | Crypt:3  | Noticed Bai Suzhen
 68929 | Crypt:3  | Killed Bai Suzhen
 69227 | Crypt:3  | Identified the ring of the Countless Realms {rPois rN+
                  | Int+3 SInv}
 69705 | Crypt:3  | Noticed an ancient lich
 69715 | Crypt:3  | Identified the ring "Biweph" {rN+ Will+ Slay+2}
 69717 | Crypt:3  | Identified the +7 scale mail of Privacy {*Corrode rN+ MP+9
                  | Int+3}
 69719 | Crypt:3  | Killed an ancient lich
 69770 | Crypt:3  | Found an ancient bone altar of Kikubaaqudgha.
 69773 | Crypt:3  | Found a basalt altar of Yredelemnul.
 69815 | Crypt:3  | Identified the amulet of Jep Hurph {RegenMP Harm Will+
                  | Stlth+}
 69818 | Crypt:3  | Identified the amulet of Daffodils {^Fragile Fly rN+
                  | Regen+}
 69984 | Crypt:3  | Found a staircase to the Tomb.
 70273 | Crypt:3  | Found an ancient bone altar of Kikubaaqudgha.
 70276 | Crypt:3  | Found a basalt altar of Yredelemnul.
 70446 | Crypt:3  | Found a staircase to the Tomb.
 70939 | Vaults:4 | Reached XP level 27. HP: 236/242 MP: 37/37
 70955 | Vaults:4 | Killed Tinttamiau's ghost
 71663 | Depths:3 | Lost mutation: You are frail. (-10% HP) [potion of
                  | mutation]
 71663 | Depths:3 | Lost mutation: Potions are less effective at restoring your
                  | health. [potion of mutation]
 71663 | Depths:3 | Gained mutation: You are vulnerable to heat. (rF-) [potion
                  | of mutation]
 71663 | Depths:3 | Gained mutation: You occasionally lose the ability to drink
                  | potions when taking damage. [potion of mutation]
 71664 | Depths:3 | Lost mutation: You are vulnerable to heat. (rF-) [potion of
                  | mutation]
 71664 | Depths:3 | Lost mutation: You occasionally lose the ability to drink
                  | potions when taking damage. [potion of mutation]
 71664 | Depths:3 | Lost mutation: Your flesh is cold resistant. (rC+) [potion
                  | of mutation]
 71664 | Depths:3 | Gained mutation: You are frail. (-10% HP) [potion of
                  | mutation]
 71664 | Depths:3 | Gained mutation: You are partially covered in iridescent
                  | scales. (AC +2) [potion of mutation]
 71665 | Depths:3 | Lost mutation: You are frail. (-10% HP) [potion of
                  | mutation]
 71665 | Depths:3 | Lost mutation: You are partially covered in iridescent
                  | scales. (AC +2) [potion of mutation]
 71665 | Depths:3 | Gained mutation: You are frail. (-10% HP) [potion of
                  | mutation]
 71665 | Depths:3 | Gained mutation: You expend magic power (3 MP) to
                  | strengthen your wands. [potion of mutation]
 71665 | Depths:3 | Gained mutation: You have supernaturally acute eyesight.
                  | (SInv) [potion of mutation]
 71666 | Depths:3 | Lost mutation: You are frail. (-10% HP) [potion of
                  | mutation]
 71666 | Depths:3 | Lost mutation: You expend magic power (3 MP) to strengthen
                  | your wands. [potion of mutation]
 71666 | Depths:3 | Gained mutation: Your body sometimes deteriorates upon
                  | taking damage. [potion of mutation]
 71666 | Depths:3 | Gained mutation: Your health recovers twice as slowly from
                  | being drained. [potion of mutation]
 71666 | Depths:3 | Gained mutation: You are partially covered in iridescent
                  | scales. (AC +2) [potion of mutation]
 71666 | Depths:3 | Gained mutation: You passively map a small area around you.
                  | [potion of mutation]
 72265 | Zot:5    | Noticed a dread lich
 72273 | Zot:5    | Killed a dread lich
 72550 | Zot:5    | Noticed a dread lich
 72552 | Zot:5    | Noticed an orb of fire
 72554 | Zot:5    | Gained mutation: You are clumsy. (Dex -2) [an orb of fire]
 72556 | Zot:5    | Killed a dread lich
 72562 | Zot:5    | Killed an orb of fire
 72562 | Zot:5    | Noticed an orb of fire
 72568 | Zot:5    | Gained mutation: You occasionally lose the ability to read
                  | scrolls when taking damage. [an orb of fire]
 72570 | Zot:5    | Killed an orb of fire
 72915 | Zot:5    | Reached skill level 27 in Fighting
 72915 | Zot:5    | Noticed an ancient lich
 72921 | Zot:5    | Noticed an ancient lich
 72925 | Zot:5    | Noticed an orb of fire
 72928 | Zot:5    | Killed an ancient lich
 72930 | Zot:5    | Gained mutation: You occasionally shout uncontrollably at
                  | your foes. [an orb of fire]
 72932 | Zot:5    | Killed an ancient lich
 72936 | Zot:5    | Killed an orb of fire
 73008 | Zot:5    | Noticed an orb of fire
 73015 | Zot:5    | Lost mutation: Your muscles are strong. (Str +4, Int/Dex
                  | -1) [an orb of fire]
 73016 | Zot:5    | Killed an orb of fire
 73406 | Zot:5    | Lost mutation: You occasionally shout uncontrollably at
                  | your foes. [potion of mutation]
 73406 | Zot:5    | Lost mutation: Your health recovers twice as slowly from
                  | being drained. [potion of mutation]
 73406 | Zot:5    | Lost mutation: You are partially covered in iridescent
                  | scales. (AC +2) [potion of mutation]
 73406 | Zot:5    | Gained mutation: Your muscles are strong. (Str +4, Int/Dex
                  | -1) [potion of mutation]
 73406 | Zot:5    | Gained mutation: You are frail. (-10% HP) [potion of
                  | mutation]
 73407 | Zot:5    | Lost mutation: You are clumsy. (Dex -2) [potion of
                  | mutation]
 73407 | Zot:5    | Lost mutation: You have supernaturally acute eyesight.
                  | (SInv) [potion of mutation]
 73407 | Zot:5    | Lost mutation: You are frail. (-10% HP) [potion of
                  | mutation]
 73407 | Zot:5    | Gained mutation: You are agile. (Dex +4, Str/Int -1)
                  | [potion of mutation]
 73408 | Zot:5    | Lost mutation: You passively map a small area around you.
                  | [potion of mutation]
 73408 | Zot:5    | Lost mutation: Your body sometimes deteriorates upon taking
                  | damage. [potion of mutation]
 73408 | Zot:5    | Lost mutation: Your muscles are strong. (Str +4, Int/Dex
                  | -1) [potion of mutation]
 73408 | Zot:5    | Gained mutation: Your mind is acute. (Int +4, Str/Dex -1)
                  | [potion of mutation]
 73408 | Zot:5    | Lost mutation: Your mind is acute. (Int +4, Str/Dex -1)
                  | [potion of mutation]
 73410 | Zot:5    | Got the Orb of Zot
 74011 | D:$      | Escaped with the Orb!

Illustrated notes

Levels and vault maps discovered:
D:1:      dpeg_arrival_oval, layout_rooms, minmay_heptomino_h4
D:2:      layout_loops_corners
D:3:      layout_rooms, bloody_makhleb, uniq_sigmund
D:4:      layout_loops_corners
D:5:      layout_basic, serial_shops, nicolae_shop_crystal,
          nicolae_stop_n_shop_1
D:6:      layout_rooms, mainiacjoe_overflow_chevrons,
          grunt_temple_overflow_open, nicolae_ossuary_entry_monument
D:7:      layout_basic, minmay_temple_entry_gardened_gates, st_stairs_5,
          uniq_crazy_yiuf_cottage
D:8:      layout_loops_ring, dpeg_oklobed_lair, serial_shops,
          kennysheep_mini_moat
D:9:      minmay_goldmine, layout_irregular_city, uniq_jeremiah
D:10:     layout_loops_cross, nicolae_ru_sacrificial_ziggurat, uniq_harold
D:11:     layout_gridville, nicolae_yredelemnul_ghost_church
D:12:     layout_irregular_city, david_orc_2, amcnicky_mini_corridor_feature
D:13:     layout_basic, hangedman_vaults_entry_quadrant_bands,
          portal_ice_cave_entry_pillars_2, minivault_25, uniq_kirke, uniq_rupert
D:14:     layout_irregular_city, chequers_serial_rivers_micro_c, uniq_nessos
D:15:     grunt_enter_depths_hoard, layout_irregular_city, grunt_qazlal_clouds,
          minmay_misc_feat_tiny, minivault_14, minmay_misc_feat_chi, hex_large
Lair:1:   layout_long_grid, gammafunk_ghost_cemetery, gauntlet_entry_generic
Lair:2:   layout_cave_pods, spider_nest_entry_webs,
          hangedman_lair_unloving_vines, grunt_megastairs_5
Lair:3:   layout_chaotic_city, nicolae_shoals_entry_roost, enter_volcano_2,
          grunt_megastairs_1, uniq_gastronok, uniq_fannar, uniq_urug
Lair:4:   beast_lair_carwin_large_4, layout_gridlike, slime_entry_2,
          lemuel_fruit_fields, serial_bayou_shore_a
Lair:5:   minmay_lair_end_frog_pond, layout_big_grid, kennysheep_rathole
Shoals:1: layout_shoals, serial_shops, shop
Shoals:2: layout_shoals, uniq_donald, uniq_frances
Shoals:3: layout_shoals, nicolae_shoals_bring_sunscreen
Shoals:4: shoals_end_grunt_garden, layout_shoals, uniq_nikola
Spider:1: layout_spider_delve
Spider:2: layout_chambers
Spider:3: layout_spider_delve
Spider:4: guppyfry_spider_rune
Orc:1:    layout_caves, nicolae_orc_tapped_out
Orc:2:    kennysheep_orc_mage_school, layout_caves, basic_altar,
          david_defended_altar_orc, uniq_snorg
Elf:1:    layout_gridlike, serial_shops, nicolae_shop_mannequins,
          hangedman_elven_crosses_minicolossus, minivault_14,
          nicolae_letterblocks [nicolae_letter_subblock,
          nicolae_letter_subblock, nicolae_letter_subblock,
          nicolae_letter_subblock, nicolae_letter_subblock,
          nicolae_letter_subblock, nicolae_letter_subblock,
          nicolae_letter_subblock, nicolae_letter_subblock,
          nicolae_letter_subblock, nicolae_letter_subblock,
          nicolae_letter_subblock, nicolae_letter_subblock,
          nicolae_letter_subblock, nicolae_letter_subblock,
          nicolae_letter_subblock, nicolae_letter_subblock,
          nicolae_letter_subblock, nicolae_letter_subblock,
          nicolae_letter_subblock, nicolae_letter_subblock,
          nicolae_letter_subblock, nicolae_letter_subblock,
          nicolae_letter_subblock, nicolae_letter_subblock]
Elf:2:    elven_hall_of_blades_hangedman_alternative
          [nicolae_blade_entry_hurt_lockers], layout_rooms, serial_shops, shop,
          bh_hangedman_babel_library, uniq_aizul, uniq_azrael
Elf:3:    minmay_elf_hall, layout_loops_corners, serial_shops,
          nicolae_shop_back_alley_shop, nicolae_elf_big_sculpture_3,
          minmay_shop_grove
Vaults:1: dpeg_vaults_monster_box, v_rooms_2, nicolae_vaults_network_star,
          v_misc_22, v_rooms_1, hangedman_vaults_slice,
          nicolae_vaults_little_squares_3, nicolae_vaults_trapezoid_2,
          nicolae_vaults_trapezoid_lopsided_3, ontoclasm_vaults_shuriken,
          nicolae_vaults_trapezoid_2, layout_vaults_ring, serial_shops,
          nicolae_shop_window_shopping
Vaults:2: v_pattern_4, vaults_dpeg_doors, nicolae_vaults_trapezoid_lopsided_4,
          nicolae_vaults_little_squares_2, nicolae_vaults_alarming,
          nicolae_vaults_twisting_passages, st_quartered_hall,
          vaults_mumra_hexcomb, nicolae_vaults_offset_grid_hallway_1,
          minmay_crypt_entry_skeletal_spiral, nicolae_vaults_two_Ls,
          nicolae_vaults_door_testing_chamber, minmay_orc_keep,
          layout_vaults_maze_snakey
Vaults:3: grunt_vaults_diagonal, vaults_dpeg_cross, hangedman_vaults_nodes,
          ontoclasm_vaults_decontamination, v_misc_2,
          nicolae_vaults_storage_closets_2, nicolae_vaults_border_crossing,
          nicolae_vaults_rhombus_7, nicolae_vaults_three_branches,
          nicolae_vaults_specimen_jars, nicolae_vaults_what_the_h,
          layout_vaults_omnigrid, enter_trove_1, uniq_mara, uniq_sojobo,
          uniq_frederick, uniq_xtahua
Vaults:4: gammafunk_ghost_wrathful_warriors, v_rooms_6, v_alt_pattern_6,
          abrahamwl_protected_by_tso_2, nicolae_vaults_tetromino_Z_1,
          hangedman_vaults_cutoff, v_misc_29,
          nicolae_vaults_stairing_the_circle, ontoclasm_vaults_claustrophobia,
          nicolae_vaults_tangram_1, nicolae_vaults_more_shelving_1,
          layout_vaults_omnibox
Vaults:5
Crypt:1:  layout_basic, lemuel_dead_fish_pool, weyrava_lich_vault,
          grunt_crypt_arrival_split, grunt_megastairs_3
Crypt:2:  layout_chaotic_city
Crypt:3:  lightli_unholy_cathedral, layout_chaotic_city,
          nicolae_tomb_entry_unfolded_pyramid_orthogonal, uniq_bai_suzhen
Depths:1: layout_gridville, chequers_serial_rivers_room_a, nzn_ghost_randoct,
          grunt_hell_entry_dis_old, infiniplex_enter_wizlab_glasses,
          evilmike_ruin_ashenzari
Depths:2: minmay_shrinking_squares, layout_long_grid, enter_ziggurat_d,
          grunt_metal_band, abyss_entry, serial_glass, glass_columns_b,
          glass_columns_a, serial_shops, shop, grunt_pan_entry_spiral,
          nicolae_kikubaaqudgha_miasma_corner, hangedman_feature_mirror,
          roderic_roman_lattice
Depths:3: minmay_the_grid_triangle_9x9_recursive_3_mashed
          [minmay_the_grid_triangle_9x9_alien,
          minmay_the_grid_triangle_9x9_cache,
          minmay_the_grid_triangle_9x9_intruding_spiral,
          minmay_the_grid_triangle_9x9_prize_top_heavy,
          minmay_the_grid_triangle_9x9_windchime,
          minmay_the_grid_triangle_9x9_longest,
          minmay_the_grid_triangle_9x9_semitri,
          minmay_the_grid_triangle_9x9_fully_insulated_deathbox,
          minmay_the_grid_triangle_9x9_warning], layout_gridlike, hell_entry,
          abyss_entry_crystal, infiniplex_staircase_pillars_3a
Depths:4: grunt_zot_entry_tricorne, layout_cave_pools, pf_coc_iceberg,
          chequers_jeans, minmay_hedge_maze
Hell
Zot:1:    layout_gridlike, st_stairs_10, regret_index_zotdec_tunneler
Zot:2:    layout_onion_interference, ebering_ghost_disaster_area,
          regret_index_zotdec_onion_hex, hangedman_snake_sidewinding
Zot:3:    layout_cathedral_of_symmetry, basic_altar, st_stairs_10,
          regret_index_zotdec_ceiling_fans, regret_index_zotdec_banners
Zot:4:    lemuel_halls_of_wrath, layout_misc_corridors,
          regret_index_zotdec_twisting_globes
Zot:5:    layout_gridlike

Skill      XL: |  1  2  3  4  5  6  7  8  9 10 11 12 13 14 15 16 17 18 19 20 21 22 23 24 25 26 27 |
---------------+----------------------------------------------------------------------------------+-----
Maces & Flails | 3 4 5 6 9 11 13 14 16 17 18 20 22 24 26 27 | 27.0
Dodging        | 2 3 4 6 8 10 11 12 13 14 15 16 17 18 19 20 | 20.6
Fighting       | 4 5 6 8 9 10 12 13 14 15 16 17 18 19 20 21 23 24 26 27 | 27.0
Armour         | 4 5 6 8 9 10 12 13 14 15 16 17 18 19 20 21 22 24 25 | 25.8
Shields        | 4 5 6 8 12 15 16 17 18 19 21 22 24 25 26 | 26.6
Invocations    | 5 8 10 13 15 16 17 18 19 21 22 23 | 23.9

Action                     |  1- 3 |  4- 6 |  7- 9 | 10-12 | 13-15 | 16-18 | 19-21 | 22-24 | 25-27 || total
---------------------------+-------+-------+-------+-------+-------+-------+-------+-------+-------++-------
  Melee: Flail             |    79 |    60 |   341 |   124 |       |       |       |       |       ||   604
         Headbutt          |    14 |    10 |    72 |    69 |   150 |   272 |   305 |   363 |   359 ||  1614
         Long sword        |       |       |     3 |       |       |       |       |       |       ||     3
         Eveningstar       |       |       |       |   209 |   797 |  1184 |  1263 |  1148 |  1073 ||  5674
  Throw: Dart              |       |     5 |     8 |     9 |       |     2 |       |       |       ||    24
 Invoke: Lesser Servant of |       |       |       |     1 |       |       |       |       |       ||     1
         Greater Servant o |       |       |       |       |       |     1 |     4 |     1 |       ||     6
Ability: Evoke Blink       |       |       |       |       |       |       |       |       |     7 ||     7
    Use: Scroll            |       |     8 |    11 |    12 |     3 |     2 |    14 |     6 |     6 ||    62
         Potion            |       |       |       |       |       |     1 |     5 |       |     7 ||    13
   Stab: Invisible         |       |     2 |     1 |     5 |    21 |    24 |    15 |     1 |     6 ||    75
         Distracted        |       |       |       |     1 |       |     1 |     2 |    21 |    15 ||    40
 Armour: Scale mail        |    58 |    19 |   170 |     5 |       |       |       |       |       ||   252
         Plate armour      |       |       |       |   131 |   349 |   212 |       |       |       ||   692
         Ring mail         |       |       |       |       |       |   157 |       |       |       ||   157
         Gold dragon scale |       |       |       |       |       |    41 |   459 |   337 |   303 ||  1140
  Dodge: Dodged            |    32 |    27 |   204 |   141 |   509 |   654 |   435 |   351 |   342 ||  2695
  Block: Buckler           |    25 |    14 |    69 |    41 |   129 |       |       |       |       ||   278
         Kite shield       |       |       |       |       |   111 |   881 |   619 |       |       ||  1611
         Tower shield      |       |       |       |       |       |       |   115 |   861 |   908 ||  1884

Table legend: (Time is in decaauts)
 A = Elapsed time spent in this place.
 B = Non-inter-level travel time spent in this place.
 C = Inter-level travel time spent in this place.
 D = Time resting spent in this place.
 E = Time spent auto-exploring this place.
 F = Levels seen in this place.
 G = Mean time per level.
                   A        B        C        D        E       F      G
               +--------+--------+--------+--------+--------+-----+--------+
         Total |  73038 |  61231 |  11807 |   7737 |  32820 |  60 | 1217.3 |
       Dungeon |  16645 |  12735 |   3910 |    636 |   8877 |  15 | 1109.7 |
          Lair |   4901 |   4158 |    743 |     78 |   2810 |   5 |  980.2 |
        Shoals |   3644 |   3132 |    512 |    182 |   1417 |   4 |  911.0 |
   Spider Nest |   4793 |   4142 |    651 |    581 |   2194 |   4 | 1198.2 |
  Orcish Mines |   2260 |   1602 |    658 |    182 |    862 |   2 | 1130.0 |
   Elven Halls |   5592 |   4954 |    638 |   1097 |   2242 |   3 | 1864.0 |
        Vaults |  11444 |   9169 |   2275 |   1535 |   4067 |   5 | 2288.8 |
         Crypt |   3495 |   3140 |    355 |    208 |   2066 |   3 | 1165.0 |
        Depths |   6940 |   5856 |   1084 |    989 |   3336 |   4 | 1735.0 |
          Hell |     37 |     37 |      0 |      0 |      0 |   1 |   37.0 |
           Zot |   9082 |   8105 |    977 |   1619 |   4199 |   5 | 1816.4 |
         Abyss |   1355 |   1355 |      0 |    130 |    183 |   3 |  451.7 |
         Trove |     54 |     54 |      0 |      0 |      5 |   1 |   54.0 |
       Ossuary |    640 |    640 |      0 |    138 |     32 |   1 |  640.0 |
      Ice Cave |    636 |    636 |      0 |    152 |    123 |   1 |  636.0 |
       Volcano |    211 |    211 |      0 |     13 |      0 |   1 |  211.0 |
        Wizlab |    617 |    617 |      0 |    121 |    105 |   1 |  617.0 |
      Gauntlet |    685 |    685 |      0 |     74 |    301 |   1 |  685.0 |
               +--------+--------+--------+--------+--------+-----+--------+

Top non-repeatable levels by time:
Vaults:2: 3350 daAuts
   Elf:3: 2891 daAuts
   Zot:3: 2522 daAuts
Depths:3: 2218 daAuts
   Zot:5: 2209 daAuts
Vaults:3: 2186 daAuts
Vaults:4: 2036 daAuts
     D:9: 2018 daAuts
Vaults:1: 2007 daAuts
Vaults:5: 1863 daAuts
    D:13: 1853 daAuts
   Zot:2: 1744 daAuts
 Crypt:3: 1730 daAuts
   Orc:2: 1685 daAuts
Depths:2: 1630 daAuts
